 Dungeon Crawl Stone Soup version 0.25-a0-661-g55ea3d2053 (webtiles) character file.

Game seed: 13519689319568170062, levelgen mode: deterministic

221 DasRunzen the Slasher (level 5, -1/44 HPs)
             Began as a Demigod Gladiator on Mar 23, 2020.
             Slain by Blork the orc
             ... wielding a +0 mace
              (5 damage)
             ... on level 3 of the Dungeon.
             The game lasted 00:03:52 (2529 turns).

DasRunzen the Slasher (Demigod Gladiator)           Turns: 2529, Time: 00:03:52

Health: -1/44      AC:  5    Str: 17    XL:     5   Next: 37%
Magic:  0/10       EV: 13    Int: 14    God:
Gold:   207        SH:  0    Dex: 17    Spells: 7/7 levels left

rFire    . . .     SeeInvis .   a - +0 long sword
rCold    . . .     Gourm    .   (no shield)
rNeg     . . .     Faith    .   b - +0 leather armour
rPois    .         Spirit   +   c - +1 helmet
rElec    .         Reflect  .   (no cloak)
rCorr    .         Harm     .   (no gloves)
MR       .....                  (no boots)
Stlth    +.........             j - amulet of guardian spirit
HPRegen  0.14/turn              l - ring of flight
MPRegen  0.12/turn              (no ring)

@: no status effects
A: high mp 1
a: Evoke Flight


You were on level 3 of the Dungeon.
You were not hungry.

You visited 1 branch of the dungeon, and saw 4 of its levels.

You collected 207 gold pieces.

Inventory:

Hand Weapons
 a - a +0 long sword (weapon)
Missiles
 d - 3 throwing nets (quivered)
Armour
 b - a +0 leather armour (worn)
 c - a +1 helmet (worn)
Jewellery
 j - an amulet of guardian spirit (around neck)
 l - a ring of flight (left hand)
Scrolls
 g - a scroll of amnesia
 k - 2 scrolls of teleportation
Potions
 h - 3 potions of curing
 i - a potion of lignification
Comestibles
 f - 5 rations
 o - a chunk of flesh


   Skills:
 + Level 2.9 Fighting
 + Level 3.5 Long Blades
 - Level 1.7 Throwing
 + Level 2.0 Armour
 + Level 3.4 Dodging
 + Level 1.8 Spellcasting


You had 7 spell levels left.
You didn't know any spells.
Your spell library was empty.

Dungeon Overview and Level Annotations

Branches:
Dungeon (4/15)
 Temple: D:4-7

Annotations:
D:3 Blork the orc


Innate Abilities, Weirdness & Mutations

You have an increased reservoir of magic. (+10% MP)


Message History

Blork the orc hits you with a +0 mace.
You barely miss Blork the orc.
Blork the orc is almost dead.
Blork the orc casts a spell.
Blork the orc flickers and vanishes!
Deactivating autopickup; reactivate with Ctrl-A.
You miss something. Something barely misses you.
Something hits you but does no damage.
You closely miss something.
You hear some strange, mumbled words.
A puff of frost appears from out of thin air!
The puff of frost hits you!
* * * LOW HITPOINT WARNING * * *
Something hits you.
* * * LOW HITPOINT WARNING * * *
You closely miss something. Something hits you but does no damage.
You closely miss something. Something hits you!
* * * LOW HITPOINT WARNING * * *
Something hits you!
You die...

#.##.# ###.#).# #.
##.##.# #......# ##
##...#.# #.#.##.#
#......###.#.##.#
#............##.#
##.#.#..#####.##.#
#....#..# #...#.#
#..###..# #.....#
#...@{..# #...###
#.#####(#####.## #.#
#.......# #.#
####.##.# #.# #>.(..#
##.#######.(##########
#........†(.##........
#..#######.(#...######
#..# #(..........#


There were no monsters in sight!

Vanquished Creatures
  A black bear (D:3)
  A scorpion (D:2)
  3 adders
  3 worms
  A dart slug (D:1)
  2 leopard geckos (D:2)
  An orc (D:3)
  2 bats
  A giant cockroach (D:1)
  4 goblins
  6 hobgoblins
  A quokka (D:3)
  A frilled lizard (D:2)
  11 kobolds
  6 rats
44 creatures vanquished.

Notes
Turn   | Place    | Note
-------+----------+-------------------------------------------
     0 | D:1      | DasRunzen the Demigod Gladiator began the quest for the
                  | Orb.
     0 | D:1      | Reached XP level 1. HP: 17/17 MP: 3/3
   320 | D:1      | Reached XP level 2. HP: 18/24 MP: 4/4
   761 | D:2      | Found an opulent altar of Gozag.
   849 | D:2      | Reached skill level 1 in Armour
   849 | D:2      | Reached XP level 3. HP: 11/29 MP: 6/6
  1075 | D:2      | Reached skill level 1 in Spellcasting
  1121 | D:2      | Noticed a scorpion
  1136 | D:2      | Killed a scorpion
  1136 | D:2      | Reached XP level 4. HP: 5/37 MP: 8/8
  1777 | D:3      | Noticed a black bear
  1791 | D:3      | HP: 1/37 [black bear (2)]
  1792 | D:3      | Killed a black bear
  1792 | D:3      | Reached XP level 5. HP: 1/44 MP: 0/10
  2509 | D:4      | Noticed Blork the orc
  2510 | D:4      | Noticed an ogre
  2529 | D:3      | Slain by Blork the orc

Levels and vault maps discovered:
D:1:      minmay_arrival_jagged, layout_rooms
D:2:      layout_loops_ring, grunt_gozag_statues
D:3:      layout_loops_ring
D:4:      minmay_skewed_foursquare, layout_loops_ring,
          amethyst_overflow_temple_binary, nemelex_xobeh_ov_fountains_minmay,
          first_ration, serial_shops, nicolae_shop_waterfront,
          nicolae_shop_stone, nicolae_shop_behind_doors, shop,
          grunt_ministairs_1, uniq_blork_the_orc, uniq_robin, uniq_duvessa

Skill      XL: |  1  2  3  4 |
---------------+-------------+-----
Fighting       | 2 |  2.9
Long Blades    | 3 |  3.5
Armour         | 1 2 |  2.0
Dodging        | 3 |  3.4
Spellcasting   | 1 |  1.8
Throwing       | |  1.7

Action                   |  1- 3 |  4- 6 || total
-------------------------+-------+-------++-------
Melee: Long sword        |    73 |    84 ||   157
  Use: Scroll            |     3 |     5 ||     8
       Potion            |       |     1 ||     1
 Stab: Sleeping          |       |     2 ||     2
  Eat: Chunk             |       |     5 ||     5
Armor: Leather armour    |    19 |    20 ||    39
Dodge: Dodged            |    60 |    69 ||   129
       Rpst.: Long sword |    18 |    18 ||    36

Table legend:
 A = Non-vault XP
 B = Vault XP
 C = Vault XP percentage of total XP
 D = Non-vault monster count
 E = Vault monster count
 F = Vault count percentage of total count
                 A         B        C        D         E       F
            +---------+---------+-------+---------+---------+-------
      Total |     316 |       0 |   0.0 |      44 |       0 |   0.0
            +---------+---------+-------+---------+---------+-------
        D:1 |      24 |       0 |   0.0 |      14 |       0 |   0.0
        D:2 |     128 |       0 |   0.0 |      16 |       0 |   0.0
        D:3 |     164 |       0 |   0.0 |      14 |       0 |   0.0
            +---------+---------+-------+---------+---------+-------
